 Dungeon Crawl Stone Soup version 0.29-a0-397-g846e4a0bbc (webtiles) character file.

Game seed: 10009400201241808169

55 Hubjo the Firebug (level 3, -7/20 HPs)
             Began as a Deep Elf Fire Elementalist on May 11, 2022.
             Was a Priest of Zin.
             Mangled by a wight
             ... wielding a +3 spear of freezing
              (8 damage)
             ... on level 3 of the Dungeon.
             The game lasted 00:04:35 (3138 turns).

Hubjo the Firebug (Deep Elf Fire Elementalist)      Turns: 3138, Time: 00:04:36

Health: -7/20      AC:  2    Str:  5    XL:     3   Next: 67%
Magic:  10/10      EV: 12    Int: 21    God:    Zin [***...]
Gold:   137        SH:  0    Dex: 15    Spells: 8/9 levels left

rFire   . . .      SeeInvis .   (no weapon)
rCold   . . .      Faith    .   (no shield)
rNeg    . . .      Spirit   .   a - +0 robe
rPois   .          Reflect  .   (no helmet)
rElec   .          Harm     .   (no cloak)
rCorr   .          Rampage  .   (no gloves)
Will    .....                   (no boots)
Stlth   ++........              j - amulet of the acrobat
HPRegen 0.06/turn               c - ring of wizardry
MPRegen 0.12/turn               (no ring)

@: no status effects
A: no striking features
a: Renounce Religion, Recite, Vitalisation, Imprison, Donate Gold


You were on level 3 of the Dungeon.
You worshipped Zin.
Zin was most pleased with you.
You visited 1 branch of the dungeon, and saw 3 of its levels.

You collected 194 gold pieces.
You spent 38 gold pieces at shops.
You donated 19 gold pieces to Zin.

Inventory:

Armour
 a - a +0 robe (worn)
Jewellery
 c - a ring of wizardry (left hand)
 j - an amulet of the acrobat (around neck)
Scrolls
 d - a scroll of enchant armour {unknown}
 i - a scroll of brand weapon
 k - 2 scrolls of fog
 p - a scroll of magic mapping
Potions
 b - a potion of magic
 e - a potion of might {unknown}
 f - a potion of haste {unknown}
 g - a potion of curing {unknown}
 m - a potion of mutation {unknown}
 n - a potion of flight {unknown}
 o - 2 potions of resistance {unknown}
 q - a potion of attraction {unknown}


   Skills:
 * Level 1.6 Fighting
 - Level 2.4 Dodging
 + Level 3.1 Stealth
 + Level 3.6 Spellcasting
 - Level 1.1 Conjurations
 + Level 3.7 Fire Magic


You had 8 spell levels left.
You knew the following spells:

 Your Spells              Type           Power      Damage    Failure   Level
a - Foxfire               Conj/Fire      56%        2x1d6     1%          1

Your spell library contained the following spells:

 Spells                   Type           Power      Damage    Failure   Level
 Scorch                   Fire           38%        2d7       1%          2
 Slow                     Hex            12%        N/A       5%          1
 Sting                    Tmut/Pois      12%        1d3       5%          1
 Conjure Flame            Conj/Fire      14%        6-21      6%          3
 Inner Flame              Hex/Fire       11%        N/A       7%          3
 Confusing Touch          Hex            3%         N/A       16%         3
 Vampiric Draining        Necr           3%         2d6       16%         3
 Flame Wave               Conj/Fire      14%        2d6       17%         4


Dungeon Overview and Level Annotations

Branches:
Dungeon (3/15)

Altars:
Hepliaklqana
Zin

Shops:
D:1 *   D:2 ?


Message History

The orc shouts!
An orc is nearby!
You conjure some foxfire!
The foxfire hits the orc.
The orc is moderately wounded.
You conjure some foxfire!
The foxfire hits the orc.
The orc is almost dead.
You conjure some foxfire!
The foxfire hits the orc.
You kill the orc!
You conjure some foxfire!
Your foxfire dissipates!
You conjure some foxfire!
Your foxfire dissipates! x2
Your foxfire dissipates! x4
You pay a tithe of 1 gold.
You now have 137 gold pieces (gained 12).
Key pressed, stopping explore.
There is an escape hatch in the floor here.
Key pressed, stopping explore.
A wight comes into view. It is wielding a +3 spear of freezing.
A wight is nearby!
A wight is nearby!
A wight is nearby!
A wight is nearby! 3 wights come into view.
As you read the scroll labelled MUUCOSH HEROAS, it crumbles to dust.
It is a scroll of identify.
k - 2 scrolls of fog
As you read the scroll of identify, it crumbles to dust.
i - a scroll of brand weapon The wight hits you with a +2 mace.
The wight hits you from afar with a +3 spear of freezing!
Ouch! That really hurt!
* * * LOW HITPOINT WARNING * * *
The wight freezes you. Zin protects you from harm!
As you read the scroll labelled QINELI SIMUTH, it crumbles to dust.
You hear a loud clanging noise!
It was a scroll of noise.
The wight hits you but does no damage.
The wight hits you from afar with a +3 spear of freezing!
You die...

#.....#........# #.....
###.....####..##.# #..###
.......# #..##.####..###
#.....# #..............
#zz...# ##.##..........
#....z#####.###..#######
#.##......#..#......
#z##......#..#.#####
#.z@......#..#.# #
########......#..#.# #
.................#.#
################.#'#####
##################........
#..................)......
#.#################.......
#.# #.#...................
#.###.#...#.#######....[..


You could see 2 wights.

Vanquished Creatures
  An adder (D:3)
  2 dart slugs
  4 orcs (D:3)
  6 bats
  2 endoplasms
  2 giant cockroaches (D:1)
  4 goblins
  A hobgoblin (D:1)
  2 kobolds (D:1)
  4 quokkas
  4 ball pythons
  2 frilled lizards
34 creatures vanquished.

Vanquished Creatures (collateral kills)
  3 foxfires
3 creatures vanquished.

Vanquished Creatures (others)
  196 foxfires
  A plant (D:2)
197 creatures vanquished.

Grand Total: 234 creatures vanquished

Notes
Turn   | Place    | Note
-------+----------+-------------------------------------------
     0 | D:1      | Hubjo the Deep Elf Fire Elementalist began the quest for
                  | the Orb.
     0 | D:1      | Reached XP level 1. HP: 10/10 MP: 6/6
   318 | D:1      | Found Ofaa's Assorted Antiques.
   540 | D:1      | Reached XP level 2. HP: 16/16 MP: 4/8
   833 | D:1      | Reached skill level 1 in Fighting
  1479 | D:2      | Found a faded altar of an unknown god.
  1484 | D:2      | Got Plato's Catalogue of Contamination
  1485 | D:2      | Prayed at the altar of an unknown god.
  1485 | D:2      | Became a worshipper of Zin the Law-Giver
  1485 | D:2      | Reached * piety under Zin
  1590 | D:2      | Reached XP level 3. HP: 20/20 MP: 5/9
  1685 | D:2      | Found Satocuriog's Magic Scroll Shoppe.
  1734 | D:2      | Reached ** piety under Zin
  2531 | D:2      | Bought a scroll of magic mapping for 38 gold pieces
  2756 | D:3      | Reached *** piety under Zin
  2759 | D:3      | Found a hazy altar of Hepliaklqana.
  3130 | D:3      | Noticed a wight
  3132 | D:3      | Noticed a wight
  3132 | D:3      | Noticed a wight
  3132 | D:3      | Noticed a wight
  3137 | D:3      | HP: 1/20 [wight/+3 spear of freezing (14)]
  3137 | D:3      | Zin protects you from harm!
  3138 | D:3      | Mangled by a wight

Illustrated notes

Levels and vault maps discovered:
D:1:      scummos_arrival_simple_fountains, layout_loops_cross, serial_shops,
          nicolae_shop_overgrown_old_shop
D:2:      layout_rooms, shapermc_ecumenical_altar_rom_forum, serial_shops,
          nicolae_shop_statue_plus, chequers_big_river
D:3:      layout_basic, mainiacjoe_overflow_swirl, serial_shops,
          nicolae_shop_hallway_plus

Skill      XL: |  1  2  3 |
---------------+----------+-----
Fighting       | 1 |  1.6
Stealth        | 3 |  3.1
Dodging        | |  2.4
Spellcasting   | |  3.6
Conjurations   | |  1.1
Fire Magic     | |  3.7

Action                   || total
-------------------------++-------
Melee: Unarmed           ||     9
 Cast: Foxfire           ||   128
  Use: Scroll            ||     3
Armor: Robe              ||     6
Dodge: Dodged            ||    14

Table legend: (Time is in decaauts)
 A = Elapsed time spent in this place.
 B = Non-inter-level travel time spent in this place.
 C = Inter-level travel time spent in this place.
 D = Time resting spent in this place.
 E = Time spent auto-exploring this place.
 F = Levels seen in this place.
 G = Mean time per level.
                   A        B        C        D        E       F      G
               +--------+--------+--------+--------+--------+-----+--------+
         Total |   3153 |   3047 |    106 |      0 |   2610 |   3 | 1051.0 |
       Dungeon |   3153 |   3047 |    106 |      0 |   2610 |   3 | 1051.0 |
               +--------+--------+--------+--------+--------+-----+--------+

Top non-repeatable levels by time:
     D:1: 1348 daAuts
     D:2: 1073 daAuts
     D:3: 732 daAuts
